 Dungeon Crawl Stone Soup version 0.28.0-45-g0d030f2227 (webtiles) character file.

Game seed: 6359854771355762794

3117 101zpm the Thaumaturge (level 10, -17/64 HPs)
             Began as a Djinni Ice Elementalist on Apr 17, 2022.
             Was a Follower of Makhleb.
             Demolished by an orc knight (20 damage)
             ... in a bailey.
             The game lasted 00:49:27 (12898 turns).

101zpm the Thaumaturge (Djinni Ice Elementalist)   Turns: 12898, Time: 00:49:27

Health: -17/64     AC:  4    Str:  7    XL:     10   Next: 14%
Gold:   392        EV: 13    Int: 21    God:    Makhleb [*.....] SH:  0 Dex: 14

rFire   + . .      SeeInvis .   n - +4 quarterstaff (chaos)
rCold   . . .      Faith    .   (shield currently unavailable)
rNeg    . . .      Spirit   .   a - +0 robe
rPois   ∞          Reflect  .   (no helmet)
rElec   .          Harm     .   o - +0 cloak
rCorr   .          Rampage  .   d - +0 pair of gloves
Will    +....                   (boots unavailable)
Stlth   ++........              p - amulet of the acrobat
HPRegen 0.20/turn               f - ring of ice
MPRegen 0.00/turn               (no ring)

@: flying
A: sickness immunity, fire resistance 2, cold vulnerability 1, float, innate
caster, HP casting, extra vitality 1
a: Renounce Religion


You were in a bailey.
You worshipped Makhleb.
Makhleb was aware of your devotion.
You visited 2 branches of the dungeon, and saw 10 of its levels.
You also visited: Bailey.

You collected 392 gold pieces.

Inventory:

Hand Weapons
 g - a +0 trident of venom
 n - a +4 quarterstaff of chaos (weapon)
Missiles
 s - 112 stones
 t - 11 boomerangs
 y - 4 throwing nets
Armour
 a - a +0 robe (worn)
 d - a +0 pair of gloves (worn)
 o - a +0 cloak (worn)
Jewellery
 f - a ring of ice (left hand)
 p - an amulet of the acrobat (around neck)
Wands
 v - a wand of digging (3)
 G - a wand of paralysis (7)
 H - a wand of flame (11)
Scrolls
 c - 3 scrolls of enchant armour {unknown}
 e - 3 scrolls of vulnerability {unknown}
 j - 3 scrolls of teleportation
 k - 2 scrolls of fear {unknown}
 r - 2 scrolls of enchant weapon {unknown}
 u - 2 scrolls of magic mapping {unknown}
 w - 3 scrolls of amnesia {unknown}
 x - a scroll of fog {unknown}
 C - 2 scrolls of blinking {unknown}
 D - a scroll of silence {unknown}
 E - a scroll of noise {unknown}
 I - 2 scrolls of identify {unknown}
 J - a scroll of immolation {unknown}
Potions
 b - 3 potions of brilliance {unknown}
 h - 2 potions of invisibility
 i - 3 potions of attraction {unknown}
 l - 5 potions of curing {unknown}
 m - 3 potions of degeneration {unknown}
 q - 3 potions of might {unknown}
 z - 3 potions of heal wounds {unknown}
 A - 2 potions of mutation {unknown}
 B - a potion of lignification {unknown}
 F - 2 potions of flight {unknown}


   Skills:
 + Level 2.0 Fighting
 + Level 0.2(1.6) Polearms
 + Level 3.0(3.1) Staves
 + Level 4.3 Dodging
 + Level 3.8 Stealth
 + Level 0.3 Unarmed Combat
 + Level 9.6 Spellcasting


You had 9 spell levels left.
You knew the following spells:

 Your Spells              Type           Power      Damage    Failure   Level
a - Freeze                Ice            100%       1d11      1%          1
b - Frozen Ramparts       Ice            100%       1d12      1%          3
c - Ozocubu's Armour      Ice            66%        N/A       1%          3
d - Hailstorm             Conj/Ice       66%        3d14      1%          4
e - Slow                  Hex            100%       N/A       1%          1
f - Corpse Rot            Necr/Air       100%       N/A       1%          2
g - Passwall              Tmut/Erth      41%        N/A       1%          2
h - Tukima's Dance        Hex            50%        N/A       1%          3
Your spell library was empty.

Dungeon Overview and Level Annotations

Branches:
Dungeon (9/15)             Temple (1/1) D:6          Bailey (1/1)
   Lair: D:8-11         Orc: D:9-12

Altars:
Ashenzari
Cheibriados
Dithmenos
Elyvilon
Fedhas
Gozag
Hepliaklqana
Kikubaaqudgha
Makhleb
Nemelex Xobeh
Okawaru
Qazlal
Sif Muna
Trog
Uskayaw
Vehumet
Wu Jian
Yredelemnul
Zin
The Shining One
Lugonu

Shops:
D:6 (

Portals:
Abyss: D:5

Annotations:
D:5 2 runed translucent doors


Innate Abilities, Weirdness & Mutations

You are immune to sickness and miasma.
You are immune to poison.
Your flesh is very heat resistant. (rF++)
You are vulnerable to cold. (rC-)
You float through the air rather than walking.
You learn spells naturally, not from books.
Your magical power is your life essence.
You have superior vitality. (+4 MHP)


Message History

What are your orders? t - Shout!
Orders for allies: a - Attack new target. p - Attack previous target. r - Retreat! s - Stop attacking. g - Guard the area. f - Follow me.
Anything else - Cancel.
Gang up on whom?
Press: ? - help, Dir - move target, f/p - orc knight
Aim: an orc knight, wearing a +0 chain mail (moderately wounded, ally target) Attack!
The wall freezes the orc knight.
Casting: Slow (safe; 1% risk of failure)
Confirm with . or Enter, or press ? or * to list all spells.
You feel a surge of power! A film of ice covers your body!
* * * LOW HITPOINT WARNING * * *
The wall freezes the orc knight.
The orc knight hits you but does no damage.
The wall freezes the orc knight!
The orc knight hits you but does no damage.
The wall freezes the orc knight.
The orc knight barely misses you.
The wall freezes the orc warrior.
The orc warrior completely misses you.
The wall freezes the orc knight.
The orc knight misses you.
Your +0 trident hits the orc warrior but does no damage.
Your +0 halberd hits the orc knight but does no damage.
The wall freezes the orc warrior!
The orc warrior completely misses you.
The wall freezes the orc knight!
The orc knight completely misses you.
Your +0 trident hits the orc warrior from afar.
Your +0 halberd hits the orc knight from afar!
The frozen ramparts melt away.
The orc warrior completely misses you. The orc knight misses you.
Your +0 trident hits the orc warrior but does no damage.
Your icy armour will break if you move.
Continue?
Your icy armour cracks and falls away as you move.
Things that are here:
a +0 ring mail; a +0 trident An orc comes into view.
It is wielding a +3 halberd.
You hear a splash.
You hit the orc knight but do no damage.
The orc knight is almost dead.
The orc knight hits you!!
You die...

#### ##∩∩# .
#..## ..
##[.#
≈..######).##
≈≈......[)[[#
.≈≈≈≈≈≈[≈)≈.#
o......@o.≈.#
#########.).#
#.$$$.##.).#
#.$.##.(≈.#
≈§.....
##.##.o≈≈.#
≈.(.⌠..
#+#..(≈.∩#
.o.⌠∩⌠.
#..≈≈.##
≈≈oo...
##..≈≈.#
.≈≈≈§ ##..≈.#


You could see an orc knight and an orc.

Vanquished Creatures
  Harold (D:8)
  An ice beast (D:7)
  3 sky beasts
  A black bear (D:7)
  3 ogres (D:4)
  A hornet zombie (D:7)
  A centaur (D:4)
  A phantom (D:4)
  A kobold brigand (D:7)
  2 scorpions (D:5)
  5 wights
  A howler monkey (D:6)
  A centaur skeleton (D:6)
  5 hounds
  A jelly (D:6)
  Crazy Yiuf (D:2)
  2 centaur zombies (D:7)
  An orc priest (D:4)
  Terence (D:3)
  An iguana (D:4)
  6 orc wizards
  Natasha (thrice) (D:2)
  A killer bee zombie (D:7)
  2 hound skeletons
  5 gnolls
  8 adders
  2 ufetubi
  An adder skeleton (D:4)
  A dart slug (D:1)
  26 orcs
  6 ball pythons
  6 bats
  4 endoplasms
  2 giant cockroaches
  5 goblins
  5 hobgoblins
  8 jackals
  11 kobolds
  5 quokkas
  3 frilled lizards (D:1)
  4 rats
148 creatures vanquished.

Vanquished Creatures (collateral kills)
  4 wights (D:9)
  An orc priest (D:5)
  10 orcs
15 creatures vanquished.

Vanquished Creatures (others)
  4 dancing weapons
  An ice beast (D:6)
  8 plants (D:7)
13 creatures vanquished.

Grand Total: 176 creatures vanquished

Notes
Turn   | Place    | Note
-------+----------+-------------------------------------------
     0 | D:1      | 101zpm the Djinni Ice Elementalist began the quest for the
                  | Orb.
     0 | D:1      | Reached XP level 1. HP: 15/15 MP: 0/0
   142 | D:1      | Reached XP level 2. HP: 15/21 MP: 0/0
   626 | D:1      | Reached XP level 3. HP: 8/25 MP: 0/0
   626 | D:1      | Learned a level 1 spell: Slow
   957 | D:1      | Found a faded altar of an unknown god.
  1472 | D:2      | Reached skill level 4 in Spellcasting
  1524 | D:2      | Noticed Natasha
  1531 | D:2      | Killed Natasha
  1532 | D:2      | Reached XP level 4. HP: 26/31 MP: 0/0
  1685 | D:2      | Noticed Natasha
  1692 | D:2      | Killed Natasha
  2431 | D:2      | Noticed Natasha
  2437 | D:2      | Killed Natasha
  2438 | D:2      | Reached XP level 5. HP: 35/35 MP: 0/0
  2438 | D:2      | Learned a level 2 spell: Corpse Rot
  2568 | D:2      | Found a runed translucent door.
  2569 | D:2      | Noticed Crazy Yiuf
  2863 | D:2      | Killed Crazy Yiuf
  3052 | D:3      | Noticed Terence
  3056 | D:3      | Killed Terence
  3389 | D:3      | Reached skill level 5 in Spellcasting
  3389 | D:3      | Reached XP level 6. HP: 21/41 MP: 0/0
  4820 | D:4      | Noticed an ogre
  4829 | D:4      | Killed an ogre
  4917 | D:4      | Noticed an ogre
  4937 | D:4      | Killed an ogre
  4938 | D:4      | Reached XP level 7. HP: 42/46 MP: 0/0
  4938 | D:4      | Learned a level 2 spell: Passwall
  5238 | D:4      | Reached skill level 1 in Staves
  5704 | D:4      | Reached skill level 6 in Spellcasting
  6145 | D:4      | Reached XP level 8. HP: 35/51 MP: 0/0
  6451 | D:4      | Reached skill level 1 in Fighting
  6966 | D:5      | Entered Level 5 of the Dungeon
  7046 | D:6      | Found a staircase to the Ecumenical Temple.
  7157 | D:6      | Reached skill level 7 in Spellcasting
  7288 | D:6      | Found Miek's Weapon Shoppe.
  7879 | Temple   | Entered the Ecumenical Temple
  8066 | Temple   | Became a worshipper of Makhleb the Destroyer
  8160 | D:7      | Found a blossoming altar of Fedhas.
  8528 | D:7      | Reached XP level 9. HP: 50/57 MP: 0/0
  8528 | D:7      | Learned a level 3 spell: Tukima's Dance
  9022 | D:7      | Reached skill level 8 in Spellcasting
  9877 | D:7      | Found an iron altar of Okawaru.
 10329 | D:5      | Reached * piety under Makhleb
 11200 | D:5      | Found a one-way gate to the infinite horrors of the Abyss.
 11200 | D:5      | Identified the +7 dagger "Newtbane" {distort, Str+3 Int-4
                  | Dex+5}
 11260 | D:5      | Found a large runed translucent door.
 11260 | D:5      | Found a large runed translucent door.
 11300 | D:5      | Found a corrupted altar of Lugonu.
 11578 | D:9      | Reached skill level 9 in Spellcasting
 11871 | D:8      | Noticed Harold
 11881 | D:8      | Killed Harold
 11882 | D:8      | Reached XP level 10. HP: 51/64 MP: 0/0
 11950 | D:8      | Found a flagged portal.
 11961 | Bailey   | Entered a bailey
 12845 | Bailey   | Noticed an orc knight
 12845 | Bailey   | Noticed an orc knight
 12898 | Bailey   | Demolished by an orc knight

Illustrated notes

Levels and vault maps discovered:
D:1:      giann_forest_graveyard, layout_loops_ring,
          hellmonk_ecumenical_altar_zigzags, minivault_26, feat_on_display
D:2:      layout_basic, uniq_crazy_yiuf_cottage, uniq_natasha
D:3:      layout_basic, st_stairs_9, kennysheep_nondescript,
          minmay_misc_feat_square, uniq_terence
D:4:      layout_basic, serial_curves, eino_curves_02, eino_curves_04,
          grunt_decor_mini_mirrors
D:5:      due_chaos_kobolds, layout_rooms
D:6:      layout_cave_pods, minmay_temple_entry_waves, gup_sewer_entry_spiral,
          serial_shops, nicolae_shop_bloodbath_and_beyond,
          ebering_dispersal_statue_hall, wad_floor_pattern_2, dk_noncrumbling_3,
          minmay_between
D:7:      layout_basic, mainiacjoe_overflow_swirl, serial_bayou_crossing
D:8:      layout_loops_ring, enter_bailey_5, serial_shops, nicolae_shop_stone,
          serial_bayou_pond_d, uniq_harold
D:9:      layout_small_grid, mainiacjoe_overflow_alcove_2
Temple:   mainiacjoe_temple_coin_purse
Bailey:   bailey_polearm_1, bailey

Skill      XL: |  1  2  3  4  5  6  7  8  9 |
---------------+----------------------------+-----
Spellcasting   | 4 5 6 7 9 |  9.6
Stealth        | 2 3 |  3.8
Staves         | 1 2 3 |  3.0
Dodging        | 3 4 |  4.3
Fighting       | 1 2 |  2.0
Polearms       | |  0.2
Unarmed Combat | |  0.3

Action                   |  1- 3 |  4- 6 |  7- 9 | 10-12 || total
-------------------------+-------+-------+-------+-------++-------
Melee: Unarmed           |    22 |       |       |       ||    22
       Trident           |       |    12 |       |       ||    12
       Quarterstaff      |       |    15 |    58 |     1 ||    74
 Cast: Freeze            |    21 |     7 |    39 |       ||    67
       Slow              |     9 |    31 |    68 |    12 ||   120
       Frozen Ramparts   |     7 |    18 |    51 |     4 ||    80
       Hailstorm         |       |     5 |    21 |       ||    26
       Ozocubu's Armour  |       |     6 |    21 |     3 ||    30
       Corpse Rot        |       |     1 |     1 |       ||     2
       Tukima's Dance    |       |       |    18 |    19 ||    37
  Use: Scroll            |       |       |     1 |       ||     1
 Stab: Sleeping          |       |     4 |     1 |       ||     5
       Petrifying        |       |     3 |       |       ||     3
       Petrified         |       |     1 |       |       ||     1
Armor: Robe              |    11 |     6 |    43 |     4 ||    64
Dodge: Dodged            |    20 |    20 |    90 |     9 ||   139
